 Dungeon Crawl Stone Soup version 0.21.1-1-g345015f (webtiles) character file.

152 shayl the Fighter (level 5, 0/54 HPs)
             Began as a Gnoll Wanderer on May 24, 2018.
             Slain by an orc wizard
             ... wielding a +0 dagger
              (4 damage)
             ... on level 3 of the Dungeon on May 30, 2018.
             The game lasted 00:28:38 (2115 turns).

shayl the Fighter (Gnoll Wanderer)                  Turns: 2115, Time: 00:28:39

Health: 0/54       AC:  2    Str: 13 (16) XL:     5   Next: 34%
Magic:  16/16      EV:  9    Int: 11 (13) God:
Gold:   77         SH:  0    Dex: 14 (15) Spells: 6/6 levels left

rFire    . . .     SeeInvis .   a - +3 mace
rCold    . . .     Gourm    .   p - +1 shield
rNeg     . . .     Faith    .   e - +0 robe
rPois    .         Spirit   .   (no helmet)
rElec    .         Reflect  .   (no cloak)
rCorr    .         Harm     .   (no gloves)
MR       .....                  (no boots)
Stlth    +.........             (no amulet)
HPRegen  0.18/turn              m - ring of magical power
MPRegen  0.15/turn              (no ring)

@: confused
A: distributed training, fangs 1, strong nose
a: no special abilities


You were on level 3 of the Dungeon.
You were not hungry.

You visited 1 branch of the dungeon, and saw 3 of its levels.

You collected 77 gold pieces.

Inventory:

Hand Weapons
 a - a +3 mace (weapon)
 b - a +0 shortbow
 i - a +0 short sword
 k - a +0 dagger of venom
 l - a +4 dagger
Missiles
 c - 66 arrows
 j - 55 stones (quivered)
Armour
 e - a +0 robe (worn)
 p - a +1 shield (worn)
Jewellery
 m - a ring of magical power (left hand)
Wands
 o - a wand of disintegration (16)
Scrolls
 n - a scroll of identify
 q - a scroll of remove curse {unknown}
Potions
 d - 2 potions of lignification
Comestibles
 f - 7 rations
 r - 2 chunks of flesh


   Skills:
 + Level 10.4 Fighting
 + Level 1.4 Short Blades
 + Level 1.4 Long Blades
 + Level 1.4 Axes
 + Level 2.9 Maces & Flails
 + Level 1.4 Polearms
 + Level 1.4 Staves
 + Level 1.4 Slings
 + Level 1.4 Bows
 + Level 1.4 Crossbows
 + Level 1.4 Throwing
 + Level 4.7 Armour
 + Level 1.4 Dodging
 + Level 2.7 Stealth
 + Level 1.4 Shields
 + Level 1.4 Unarmed Combat
 + Level 1.4 Spellcasting
 + Level 1.1 Conjurations
 + Level 1.1 Hexes
 + Level 1.1 Charms
 + Level 1.1 Summonings
 + Level 1.1 Necromancy
 + Level 1.1 Translocations
 + Level 1.1 Transmutations
 + Level 1.1 Fire Magic
 + Level 1.1 Ice Magic
 + Level 1.1 Air Magic
 + Level 1.1 Earth Magic
 + Level 1.1 Poison Magic
 + Level 1.6 Invocations
 + Level 2.9 Evocations


You had 6 spell levels left.
You didn't know any spells.

Dungeon Overview and Level Annotations

Branches:
Dungeon (3/15)

Altars:


Innate Abilities, Weirdness & Mutations

Your experience applies equally to all skills.
You have very sharp teeth.
Your uncanny sense of smell can sniff out nearby items.


Message History

Your Hexes skill increases to level 1!
Your Charms skill increases to level 1!
Your Summonings skill increases to level 1!
Your Necromancy skill increases to level 1!
Your Translocations skill increases to level 1!
Your Transmutations skill increases to level 1!
Your Fire Magic skill increases to level 1!
Your Ice Magic skill increases to level 1!
Your Air Magic skill increases to level 1!
Your Earth Magic skill increases to level 1!
Your Poison Magic skill increases to level 1!
You have reached level 5!
You hear some strange, mumbled words.
You are confused.
It was a potion of magic.
Magic courses through your body. Something hits you but does no damage.
It was a potion of degeneration.
There was something very wrong with that liquid.
You feel weakened.
You feel dopey.
You feel clumsy. Something hits you.
You die...

#............ ∆
#.oo......... #...h.......
#........... #.o#########
##..# #..#
######..#################
r.........oo)@...........#
########..##############.#
#..# #.# ##># #.# #.# #.#
#.# #.# #.# #######.# #.#
#.......# #.# #.#####.#


You could see an orc priest and an orc.

Vanquished Creatures
  An orc warrior (D:3)
  2 adders (D:2)
  An ooze (D:1)
  A worm (D:2)
  A dart slug (D:1)
  2 giant cockroaches
  2 hobgoblins
  3 jackals (D:3)
  5 kobolds
  3 bats
  3 frilled lizards
  6 goblins
  3 rats
33 creatures vanquished.

Notes
Turn   | Place    | Note
-------+----------+-------------------------------------------
     0 | D:1      | Reached skill level 10 in Fighting
     0 | D:1      | shayl the Gnoll Wanderer began the quest for the Orb.
     0 | D:1      | shayl set off with: a +2 mace, a +0 shortbow, 24 arrows, a potion of lignification, a +0 robe, a ration
     0 | D:1      | Reached XP level 1. HP: 28/28 MP: 2/2
   351 | D:1      | Reached XP level 2. HP: 36/36 MP: 3/3
  1028 | D:2      | Reached XP level 3. HP: 42/42 MP: 4/4
  1406 | D:2      | Reached skill level 1 in Invocations
  1872 | D:2      | Found a faded altar of an unknown god.
  1987 | D:3      | Reached skill level 1 in Short Blades
  1987 | D:3      | Reached skill level 1 in Long Blades
  1987 | D:3      | Reached skill level 1 in Axes
  1987 | D:3      | Reached skill level 1 in Polearms
  1987 | D:3      | Reached skill level 1 in Staves
  1987 | D:3      | Reached skill level 1 in Slings
  1987 | D:3      | Reached skill level 1 in Bows
  1987 | D:3      | Reached skill level 1 in Crossbows
  1987 | D:3      | Reached skill level 1 in Throwing
  1987 | D:3      | Reached skill level 1 in Dodging
  1987 | D:3      | Reached skill level 1 in Shields
  1987 | D:3      | Reached skill level 1 in Unarmed Combat
  1987 | D:3      | Reached skill level 1 in Spellcasting
  2087 | D:3      | Noticed an orc warrior
  2099 | D:3      | Reached XP level 4. HP: 47/48 MP: 6/6
  2113 | D:3      | Killed an orc warrior
  2113 | D:3      | Reached skill level 1 in Conjurations
  2113 | D:3      | Reached skill level 1 in Hexes
  2113 | D:3      | Reached skill level 1 in Charms
  2113 | D:3      | Reached skill level 1 in Summonings
  2113 | D:3      | Reached skill level 1 in Necromancy
  2113 | D:3      | Reached skill level 1 in Translocations
  2113 | D:3      | Reached skill level 1 in Transmutations
  2113 | D:3      | Reached skill level 1 in Fire Magic
  2113 | D:3      | Reached skill level 1 in Ice Magic
  2113 | D:3      | Reached skill level 1 in Air Magic
  2113 | D:3      | Reached skill level 1 in Earth Magic
  2113 | D:3      | Reached skill level 1 in Poison Magic
  2113 | D:3      | Reached XP level 5. HP: 3/54 MP: 7/7
  2115 | D:3      | Slain by an orc wizard

Skill      XL: |  1  2  3  4 |
---------------+-------------+-----
Fighting       | | 10.4
Invocations    | 1 |  1.6
Short Blades   | 1 |  1.4
Long Blades    | 1 |  1.4
Axes           | 1 |  1.4
Polearms       | 1 |  1.4
Staves         | 1 |  1.4
Slings         | 1 |  1.4
Bows           | 1 |  1.4
Crossbows      | 1 |  1.4
Throwing       | 1 |  1.4
Dodging        | 1 |  1.4
Shields        | 1 |  1.4
Unarmed Combat | 1 |  1.4
Spellcasting   | 1 |  1.4
Conjurations   | 1 |  1.1
Hexes          | 1 |  1.1
Charms         | 1 |  1.1
Summonings     | 1 |  1.1
Necromancy     | 1 |  1.1
Translocations | 1 |  1.1
Transmutations | 1 |  1.1
Fire Magic     | 1 |  1.1
Ice Magic      | 1 |  1.1
Air Magic      | 1 |  1.1
Earth Magic    | 1 |  1.1
Poison Magic   | 1 |  1.1
Maces & Flails | |  2.9
Armour         | |  4.7
Stealth        | |  2.7
Evocations     | |  2.9

Action                   |  1- 3 |  4- 6 || total
-------------------------+-------+-------++-------
Melee: Mace              |    67 |    14 ||    81
       Bite              |     1 |     1 ||     2
Throw: Stone             |    22 |       ||    22
  Use: Scroll            |     9 |       ||     9
       Potion            |       |     2 ||     2
 Stab: Sleeping          |     6 |       ||     6
  Eat: Ration            |     1 |       ||     1
       Chunk             |     1 |       ||     1
Armor: Robe              |    16 |     2 ||    18
Dodge: Dodged            |    29 |     3 ||    32
Block: Shield            |    21 |     7 ||    28
